 Dungeon Crawl Stone Soup version 0.28-a0-863-g8cecda6153 (webtiles) character file.

Game seed: 18111612699958172035

191 Astera the Cudgeller (level 5, -22/53 HPs)
             Began as a Troll Fighter on Nov 18, 2021.
             Was a Plaything of Xom.
             Annihilated by an ogre (34 damage)
             ... on level 4 of the Dungeon.
             The game lasted 00:06:52 (1842 turns).

Astera the Cudgeller (Troll Fighter)                Turns: 1842, Time: 00:06:54

Health: -22/53     AC:  4    Str: 25    XL:     5   Next: 41%
Magic:  4/4        EV:  8    Int:  4    God:    Xom [...*..]
Gold:   42         SH:  7    Dex:  9    Spells: 4/4 levels left

rFire   . . .      SeeInvis .   i - +0 flail (drain)
rCold   . . .      Faith    .   c - +0 kite shield
rNeg    . . .      Spirit   .   b - +0 robe
rPois   .          Reflect  .   (helmet restricted)
rElec   .          Harm     .   (no cloak)
rCorr   .          Rampage  .   (gloves unavailable)
Will    .....                   (boots unavailable)
Stlth   +.........              (no amulet)
HPRegen 1.17/turn               (no ring)
MPRegen 0.09/turn               (no ring)

@: brilliant, on berserk cooldown, slowed, very slow
A: large, unfitting armour, claws 3, regeneration 1, shaggy fur 1, tough skin 1
a: Renounce Religion


You were on level 4 of the Dungeon.
You worshipped Xom.
You were a favourite toy of Xom.
You visited 1 branch of the dungeon, and saw 6 of its levels.

You collected 97 gold pieces.
You spent 55 gold pieces at shops.

Inventory:

Hand Weapons
 i - a +0 flail of draining (weapon)
Armour
 b - a +0 robe (worn)
 c - a +0 kite shield (worn)
Jewellery
 j - an amulet of regeneration
Scrolls
 a - 2 scrolls of brand weapon {unknown}
 e - a scroll of noise {unknown}
 f - a scroll of teleportation {unknown}
 h - 3 scrolls of identify {unknown}
 m - a scroll of blinking {unknown}
Potions
 d - a potion of might
 g - a potion of magic {unknown}
 k - a potion of brilliance {unknown}
 l - 2 potions of curing


   Skills:
 + Level 3.2 Fighting
 + Level 3.2 Maces & Flails
 + Level 3.2 Dodging
 + Level 0.1 Stealth
 + Level 3.1 Shields


You had 4 spell levels left.
You didn't know any spells.
Your spell library contained the following spells:

 Spells                   Type           Power      Damage    Failure   Level
 Foxfire                  Conj/Fire      0%         2x1d4     90%         1
 Slow                     Hex            0%         N/A       90%         1
 Call Canine Familiar     Summ           0%         N/A       99%         3
 Conjure Flame            Conj/Fire      0%         6-21      99%         3
 Inner Flame              Hex/Fire       0%         N/A       99%         3
 Portal Projectile        Hex/Tloc       0%         N/A       99%         3
 Flame Wave               Conj/Fire      0%         3d3       100%        4
 Leda's Liquefaction      Hex/Erth       0%         N/A       100%        4


Dungeon Overview and Level Annotations

Branches:
Dungeon (6/15)
 Temple: D:4-7

Altars:
Xom

Shops:
D:2 !*!?!   D:4 !

Annotations:
D:4 Pikel


Innate Abilities, Weirdness & Mutations

You are too large for most types of armour.
You have claws for hands.
Your natural rate of healing is unusually fast.
You are covered in fur. (AC +1)
You have tough skin. (AC +1)


Message History

Your crimson imp misses the hobgoblin.
There is an open door here.
You bludgeon the orc!!
You kill the orc!
Your crimson imp blinks!
You sock the hobgoblin!
You kill the hobgoblin!
You sock the ogre!
The ogre is heavily wounded.
You are no longer berserk.
You are exhausted.
You feel yourself slow down.
The ogre hits you with a +0 giant spiked club!
The goblin barely misses you.
Your crimson imp blinks!
You barely miss the ogre.
The ogre is heavily wounded.
The goblin barely misses you.
Your crimson imp hits the goblin.
The ogre barely misses you. The goblin hits you but does no damage.
Your crimson imp misses the goblin.
Pikel hits your crimson imp with a +2 whip of freezing!
Pikel freezes your crimson imp. The ogre barely misses you.
You barely miss the ogre.
The ogre is heavily wounded.
You block the goblin's attack.
Your crimson imp hits Pikel but does no damage.
Pikel hits your crimson imp with a +2 whip of freezing.
Pikel freezes your crimson imp.
Your crimson imp dies!
Your crimson imp disappears in a puff of smoke!
The ogre hits you with a +0 giant spiked club!
* * * LOW HITPOINT WARNING * * *
The goblin hits you but does no damage.
You barely miss the ogre.
The ogre is heavily wounded.
The goblin hits you but does no damage.
The ogre hits you with a +0 giant spiked club!!
Ouch! That really hurt!
You die...
Xom titters!

# ######
#.########....#
#....#...'....#
#....#'#.#..$.#
#..@O'.#....#####
#+##g#.#.........
#.....K..'.........
#........#.........
##########.........
#######.###'#.....
#...#....O..# ....
#...#.......# ...
#...#.gg....# ..


You could see Pikel, an ogre and a goblin.

Vanquished Creatures
  An ice beast (D:4)
  Terence (D:2)
  Robin (D:2)
  2 dart slugs (D:1)
  2 orcs
  7 ball pythons
  4 bats
  3 endoplasms (D:1)
  5 giant cockroaches
  8 goblins
  7 hobgoblins
  7 jackals
  2 kobolds (D:1)
  2 quokkas (D:2)
  A frilled lizard (D:1)
  4 rats
57 creatures vanquished.

Vanquished Creatures (others)
  A fungus (D:1)
  13 plants (D:3)
14 creatures vanquished.

Grand Total: 71 creatures vanquished

Notes
Turn   | Place    | Note
-------+----------+-------------------------------------------
     0 | D:1      | Astera the Troll Fighter began the quest for the Orb.
     0 | D:1      | Reached XP level 1. HP: 22/22 MP: 0/0
   118 | D:1      | Reached XP level 2. HP: 29/29 MP: 1/1
   223 | D:1      | Got Meug's Catalogue of the Enchanting Voyage
   310 | D:1      | Reached XP level 3. HP: 36/36 MP: 2/2
   730 | D:1      | Found a faded altar of an unknown god.
   735 | D:1      | Prayed at the altar of an unknown god.
   735 | D:1      | Became a worshipper of Xom of Chaos
   820 | D:2      | Found Besouxt's Magic Scroll Shop.
   935 | D:2      | Noticed Terence
   946 | D:2      | Killed Terence
   947 | D:2      | Reached XP level 4. HP: 30/44 MP: 3/3
  1031 | D:2      | XOM: divination: detect creatures
  1034 | D:2      | XOM: divination: magic mapping
  1110 | D:2      | Found Ehukkezask's General Store.
  1129 | D:2      | Found Othrimuho's Distillery.
  1164 | D:2      | Noticed Robin
  1388 | D:2      | Killed Robin
  1441 | D:2      | Found Wajaomot's Distillery.
  1487 | D:2      | XOM: divination: detect items
  1545 | D:2      | Found Elyenkuag's Distillery.
  1625 | D:2      | XOM: noise
  1739 | D:3      | You fall into a shaft and drop 3 floors!
  1759 | D:6      | XOM: silly message
  1769 | D:5      | Entered Level 5 of the Dungeon
  1769 | D:5      | Noticed an ice beast
  1769 | D:5      | XOM: potion effect (curing)
  1785 | D:4      | Noticed a lemure
  1787 | D:4      | Noticed Pikel
  1797 | D:4      | Noticed an ogre
  1803 | D:4      | Noticed a lemure
  1808 | D:4      | XOM: silly message
  1809 | D:4      | XOM: potion effect (brilliance)
  1814 | D:4      | XOM: cast spell 'Leda's Liquefaction'
  1826 | D:4      | Found Keofeg's Distillery.
  1828 | D:4      | XOM: summons friendly crimson imp
  1829 | D:4      | Bought a potion of berserk rage for 55 gold pieces
  1831 | D:4      | XOM: scenery: 3 doors open
  1835 | D:4      | Killed an ice beast
  1836 | D:4      | Reached XP level 5. HP: 40/53 MP: 4/4
  1842 | D:4      | Annihilated by an ogre

Illustrated notes

Levels and vault maps discovered:
D:1:      onia_arrival_mini_spirals, layout_loops_ring,
          shapermc_ecumenical_altar_petra
D:2:      layout_basic, serial_shops, shop, nicolae_shop_window_shopping,
          nicolae_shop_behind_doors, nicolae_shop_behind_doors, shop,
          uniq_robin, uniq_terence
D:3:      layout_rooms, lemuel_doored_altar, kennysheep_boxes, uniq_jessica
D:4:      layout_gridville, minmay_temple_entry_statues_fountains, serial_shops,
          kennysheep_mini, portal_sewer_entry_d, uniq_pikel,
          uniq_crazy_yiuf_cottage
D:5:      layout_cave_pods, nicolae_gozag_cash_rules_everything_around_me
D:6:      cheibrodos_iron_armory, layout_loops_ring, chequers_hall_statues_y,
          uniq_eustachio

Skill      XL: |  1  2  3  4 |
---------------+-------------+-----
Maces & Flails | 2 3 |  3.2
Fighting       | 3 |  3.2
Dodging        | 3 |  3.2
Shields        | 3 |  3.1
Stealth        | |  0.1

Action                   |  1- 3 |  4- 6 || total
-------------------------+-------+-------++-------
Melee: Flail             |   116 |    56 ||   172
  Use: Potion            |       |     1 ||     1
 Stab: Sleeping          |     1 |       ||     1
Armor: Robe              |    43 |    36 ||    79
Dodge: Dodged            |    49 |    52 ||   101
Block: Kite shield       |    47 |    35 ||    82

Table legend: (Time is in decaauts)
 A = Elapsed time spent in this place.
 B = Non-inter-level travel time spent in this place.
 C = Inter-level travel time spent in this place.
 D = Time resting spent in this place.
 E = Time spent auto-exploring this place.
 F = Levels seen in this place.
 G = Mean time per level.
                   A        B        C        D        E       F      G
               +--------+--------+--------+--------+--------+-----+--------+
         Total |   1927 |   1768 |    159 |      2 |   1089 |   6 |  321.2 |
       Dungeon |   1927 |   1768 |    159 |      2 |   1089 |   6 |  321.2 |
               +--------+--------+--------+--------+--------+-----+--------+

Top non-repeatable levels by time:
     D:1: 966 daAuts
     D:2: 775 daAuts
     D:3: 77 daAuts
     D:4: 70 daAuts
     D:6: 29 daAuts
     D:5: 7 daAuts
